 Dungeon Crawl Stone Soup version 0.29.1-15-g9cfb28693d (webtiles) character file.

Game seed: 4300064877276505455

56 nightchill the Trooper (level 3, 24/24 HPs)
             Began as a Gargoyle Fighter on Apr 16, 2023.
             Quit the game on level 3 of the Dungeon.
             The game lasted 00:02:00 (2170 turns).

nightchill the Trooper (Gargoyle Fighter)           Turns: 2170, Time: 00:02:01

Health: 24/24      AC: 11    Str: 19    XL:     3   Next: 95%
Magic:  3/3        EV:  9    Int: 10    God:
Gold:   74         SH:  4    Dex:  9    Spells: 2/2 levels left

rFire   . . .      SeeInvis .   a - +0 war axe
rCold   . . .      Faith    .   c - +0 buckler
rNeg    + . .      Spirit   .   b - +0 scale mail
rPois   ∞          Reflect  .   e - +0 helmet
rElec   +          Harm     .   (no cloak)
rCorr   .          Rampage  .   (no gloves)
Will    .....                   (no boots)
Stlth   ..........              (no amulet)
HPRegen 0.08/turn               (no ring)
MPRegen 0.08/turn               (no ring)

@: no status effects
A: sickness immunity, AC +3, negative energy resistance 1, electricity
resistance, torment resistance 1, petrification resistance
a: no special abilities


You were on level 3 of the Dungeon.
You visited 1 branch of the dungeon, and saw 3 of its levels.

You collected 74 gold pieces.

Inventory:

Hand Weapons
 a - a +0 war axe (weapon)
Armour
 b - a +0 scale mail (worn)
 c - a +0 buckler (worn)
 e - a +0 helmet (worn)
Scrolls
 f - a scroll of enchant armour {unknown}
 h - a scroll of butterflies {unknown}
 j - a scroll of torment {unknown}
 l - 2 scrolls of vulnerability {unknown}
 m - a scroll of amnesia {unknown}
 o - a scroll of immolation {unknown}
 q - 2 scrolls of identify {unknown}
 v - a scroll of teleportation {unknown}
Potions
 d - a potion of might
 g - 2 potions of flight {unknown}
 i - a potion of resistance {unknown}
 k - 2 potions of brilliance {unknown}
 n - a potion of mutation {unknown}
 p - a potion of lignification {unknown}
 r - a potion of degeneration {unknown}
 s - a potion of experience {unknown}
 t - a potion of curing {unknown}
 u - a potion of cancellation {unknown}


   Skills:
 + Level 4.0 Fighting
 * Level 3.2 Axes
 - Level 3.2 Armour
 - Level 3.2 Shields


You had 2 spell levels left.
You didn't know any spells.
Your spell library contained the following spells:

 Spells                   Type           Power      Damage    Failure   Level
 Ensorcelled Hibernation  Hex/Ice        0%         N/A       92%         2
 Passwall                 Tmut/Erth      0%         N/A       92%         2
 Scorch                   Fire           0%         2d5       92%         2
 Swiftness                Air            0%         N/A       99%         3
 Flame Wave               Conj/Fire      0%         2d4       100%        4
 Summon Cactus Giant      Summ           0%         N/A       100%        6


Dungeon Overview and Level Annotations

Branches:
Dungeon (3/15)

Altars:


Innate Abilities, Weirdness & Mutations

You are immune to sickness and miasma.
Your stone body is resilient. (AC +3)
You are immune to poison.
You resist negative energy. (rN+)
You are resistant to electric shocks. (rElec)
You are resistant to unholy torment.
You are immune to petrification.


Message History

You now have 65 gold pieces (gained 14).
q - 2 scrolls labelled EDWONU QYXTY (gained 1)
An orc comes into view. It is wielding a +0 short sword.
The orc shouts!
An orc is nearby!
An orc is nearby!
An orc is nearby!
The orc barely misses you.
You slash the orc!
You kill the orc!
No target in view!
You now have 74 gold pieces (gained 9).
There is a stone staircase leading up here.
You open the door.
There is an open door here.
l - 2 scrolls labelled WURCHO CYKHIAM (gained 1) As you open the door, it creaks loudly!
There is an open door here.
You see here a scarf of harm.
You see here a scarf of harm.
There is an open door here.
There is an open door here.
Done exploring.
Done exploring.
No target in view!
No target in view!
No target in view!
Done exploring.
Done exploring.
Search for what [Enter for "."]? .
(D) Dungeon
Where to? (Enter - D:2, ? - help)
You see here 3 stones.
There is a stone staircase leading down here.
You climb downwards.
There is a stone staircase leading up here.
Saving game... please wait.
Welcome back, nightchill the Gargoyle Fighter.
Press ? for a list of commands and other information.
Are you sure you want to abandon this character and quit the game? (Confirm with "yes".)

.... ...
... ..
#.# #..
#..###.#
#@...#
######


There were no monsters in sight!

Vanquished Creatures
  An adder (D:2)
  2 worms (D:2)
  2 dart slugs
  An orc (D:2)
  5 bats
  2 endoplasms (D:1)
  A giant cockroach (D:2)
  4 goblins
  3 hobgoblins
  A kobold (D:2)
  A quokka (D:2)
  5 ball pythons (D:1)
  2 frilled lizards
  4 rats
34 creatures vanquished.

Notes
Turn   | Place    | Note
-------+----------+-------------------------------------------
     0 | D:1      | nightchill the Gargoyle Fighter began the quest for the
                  | Orb.
     0 | D:1      | Reached XP level 1. HP: 14/14 MP: 1/1
   390 | D:1      | Reached XP level 2. HP: 14/19 MP: 2/2
   999 | D:1      | Reached XP level 3. HP: 24/24 MP: 3/3
  1823 | D:2      | Reached skill level 4 in Fighting
  2170 | D:3      | Quit the game

Illustrated notes

Levels and vault maps discovered:
D:1:      minmay_arrival_wavy_path, layout_basic
D:2:      layout_loops_corners
D:3:      layout_basic, uniq_natasha

Skill      XL: |  1  2  3 |
---------------+----------+-----
Axes           | 2 3 |  3.2
Fighting       | 4 |  4.0
Armour         | |  3.2
Shields        | |  3.2

Action                   || total
-------------------------++-------
Melee: War axe           ||    98
Armor: Scale mail        ||    54
Dodge: Dodged            ||    49
Block: Buckler           ||    16
